 Dungeon Crawl Stone Soup version 0.27.1-34-g3ba077fa99 (webtiles) character file.

Game seed: 9846147601564274342

30 vvl the Skirmisher (level 3, -15/29 HPs)
             Began as a Demonspawn Berserker on Jan 18, 2022.
             Was a Follower of Trog.
             Demolished by a kobold (16 damage)
             ... on level 3 of the Dungeon.
             The game lasted 00:02:14 (2264 turns).

vvl the Skirmisher (Demonspawn Berserker)           Turns: 2264, Time: 00:02:16

Health: -15/29     AC:  7    Str: 18    XL:     3   Next: 5%
Magic:  0/3        EV: 11    Int:  8    God:    Trog [*.....]
Gold:   124        SH:  0    Dex: 12    Spells: 2/2 levels left

rFire    . . .     SeeInvis .   a - +0 hand axe
rCold    . . .     Faith    .   (no shield)
rNeg     . . .     Spirit   +   d - +0 ring mail
rPois    .         Reflect  .   (helmet restricted)
rElec    .         Harm     .   (no cloak)
rCorr    .         Rampage  .   (no gloves)
Will     .....                  (no boots)
Stlth    +.........             f - amulet of guardian spirit
HPRegen  0.09/turn              (no ring)
MPRegen  0.08/turn              (no ring)

@: no status effects
A: horns 1, yellow scales 1
a: Renounce Religion, Berserk


You were on level 3 of the Dungeon.
You worshipped Trog.
Trog was aware of your devotion.
You visited 1 branch of the dungeon, and saw 3 of its levels.

You collected 124 gold pieces.

Inventory:

Hand Weapons
 a - a +0 hand axe (weapon)
Armour
 d - a +0 ring mail (worn)
Jewellery
 f - an amulet of guardian spirit (around neck)
Scrolls
 b - 3 scrolls of fear {unknown}
 c - 2 scrolls of teleportation {unknown}
 e - a scroll of brand weapon {unknown}
 i - a scroll of fog {unknown}
 k - a scroll of identify {unknown}
 l - a scroll of holy word {unknown}
Potions
 g - a potion of heal wounds {unknown}
 h - a potion of mutation {unknown}
 j - a potion of degeneration {unknown}


   Skills:
 + Level 3.2 Fighting
 + Level 2.9 Axes
 + Level 2.0 Armour
 + Level 2.1 Dodging
 + Level 0.8 Shields
 + Level 0.8 Evocations


You had 2 spell levels left.
You didn't know any spells.
Your spell library was empty.

Dungeon Overview and Level Annotations

Branches:
Dungeon (3/15)

Altars:
Zin

Shops:
D:3 *


Innate Abilities, Weirdness & Mutations

You have a pair of small horns on your head.
You are partially covered in yellow scales. (AC +2)


Message History

The goblin completely misses you.
You closely miss the goblin.
The goblin is moderately wounded.
The goblin hits you with a +0 dagger. The goblin hits you but does no damage.
You barely miss the goblin.
The goblin is moderately wounded.
The goblin closely misses you.
You hit the goblin.
You kill the goblin!
Trog accepts your kill.
No target in view!
No target in view!
No target in view!
No target in view!
You see here a +0 dagger.
A kobold comes into view.
It is wielding a +2 whip of electrocution.
The kobold shouts!
A kobold is nearby!
A kobold is nearby!
A kobold is nearby!
A kobold is nearby!
You barely miss the kobold. Your headbutt misses the kobold.
The kobold hits you but does no damage.
You hit the kobold.
The kobold is severely wounded.
The kobold hits you with a +2 whip of electrocution.
You are electrocuted!!
Ouch! That really hurt!
* * * LOW HITPOINT WARNING * * *
You are too injured to fight recklessly!
You are too injured to fight recklessly!
You are too injured to fight recklessly!
You are too injured to fight recklessly!
You miss the kobold.
The kobold is severely wounded.
The kobold hits you with a +2 whip of electrocution!
* * * LOW HITPOINT WARNING * * *
You are electrocuted!
Ouch! That really hurt!
You die...

.# #.....###.# .# .#
#.#.......# .# .#
#.######### .# .#
#.#.......# .# .#
#<#.#####.# .# .#
#.#.# #.# ># .# #...#
#.# .# #######K#
##### #)# #.....@.#
#.# #.#######.# #.#
#.#.......# #.#
#.#.###############.#
#...................#
###.#################
#.# #.# #.#


You could see a kobold.

Vanquished Creatures
  A worm (D:2)
  A dart slug (D:2)
  An orc (D:3)
  3 bats (D:2)
  2 giant cockroaches
  3 goblins
  3 hobgoblins
  4 ball pythons
  A frilled lizard (D:3)
  3 kobolds
  3 rats
25 creatures vanquished.

Notes
Turn   | Place    | Note
-------+----------+-------------------------------------------
     0 | D:1      | vvl the Demonspawn Berserker began the quest for the Orb.
     0 | D:1      | Reached XP level 1. HP: 18/18 MP: 1/1
   184 | D:1      | Found a faded altar of an unknown god.
   965 | D:2      | Gained mutation: You have a pair of small horns on your
                  | head. [demonic ancestry]
   965 | D:2      | Reached XP level 2. HP: 24/24 MP: 2/2
  1890 | D:3      | Found Ysump's Assorted Antiques.
  2030 | D:3      | Gained mutation: You are partially covered in yellow
                  | scales. (AC +2) [demonic ancestry]
  2030 | D:3      | Reached XP level 3. HP: 29/29 MP: 3/3
  2264 | D:3      | HP: 1/29 [kobold (6)]
  2264 | D:3      | Demolished by a kobold

Illustrated notes

Levels and vault maps discovered:
D:1:      lightli_arrival_windingriver, layout_basic,
          ebering_ecumenical_altar_webs, minivault_26
D:2:      layout_loops_cross, basic_altar, minmay_distorted
D:3:      layout_basic, nemelex_diamond_rough_becter, serial_shops, shop

Skill      XL: |  1  2 |
---------------+-------+-----
Dodging        | 2 |  2.1
Armour         | 2 |  2.0
Fighting       | |  3.2
Axes           | |  2.9
Shields        | |  0.8
Evocations     | |  0.8

Action                   || total
-------------------------++-------
Melee: Hand axe          ||    80
       Headbutt          ||     6
 Stab: Sleeping          ||     1
Armor: Ring mail         ||    45
Dodge: Dodged            ||    41
